 Dungeon Crawl Stone Soup version 0.31.0-11-ge490571c62 (webtiles) character file.

Game seed: 2911129256306515088

58 qw the Shooter (level 3, -2/18 HPs)
             Began as a Spriggan Hunter on Feb 3, 2024.
             Slain by a kobold
             ... wielding the +9 dagger of Res Judicata {elec, rC- MP+9 SInv}
              (6 damage)
             ... on level 2 of the Dungeon.
             The game lasted 00:00:04 (1654 turns).

qw the Shooter (Spriggan Hunter)                    Turns: 1654, Time: 00:00:05

Health: -2/18      AC:  2    Str:  7    XL:     3   Next: 76%
Magic:  4/4        EV: 20    Int: 10    God:
Gold:   68         SH:  0    Dex: 26    Spells: 2/2 levels left

rFire   + . .        a - +0 shortbow
rCold   . . .        (shield currently unavailable)
rNeg    . . .        c - +0 robe
rPois   .            (helmet restricted)
rElec   .            (no cloak)
rCorr   .            (gloves unavailable)
SInv    +            (boots unavailable)
Will    .....        (no amulet)
Stlth   ++           b - +6 ring of dexterity
HPRegen 0.23/turn    f - ring of protection from fire
MPRegen 0.09/turn

%: no passive effects
@: very quick
A: very small, no large weapons, unfitting armour, see invisible, speed 3
a: no special abilities


You were on level 2 of the Dungeon.
You visited 1 branch of the dungeon, and saw 3 of its levels.

You collected 68 gold pieces.


Innate Abilities, Weirdness & Mutations

You are very small and have problems with some larger weapons.
You are too small for most types of armour.
You have supernaturally acute eyesight. (SInv)
You cover ground extremely quickly. (Speed+++)


   Skills:
 - Level 1.5 Fighting
 - Level 4.9 Ranged Weapons
 + Level 4.1 Dodging
 - Level 1.5 Stealth


You had 2 spell levels left.
You didn't know any spells.
Your spell library was empty.

Inventory:

Hand Weapons
 a - a +0 shortbow (weapon)
Armour
 c - a +0 robe (worn)
Jewellery
 b - a +6 ring of dexterity (left hand)
 f - a ring of protection from fire (right hand)
Wands
 h - a wand of paralysis (5)
Potions
 d - a potion of heal wounds {unknown}
 e - a potion of enlightenment

Dungeon Overview and Level Annotations

Branches:
Dungeon (3/15)

Altars:

Shops:
D:2 [


Message History

A dart slug comes into view.
You shoot an arrow.
The arrow hits the dart slug but does no damage.
You shoot an arrow. The arrow hits the dart slug!
The dart slug is almost dead.
You shoot an arrow. The arrow hits the dart slug.
You kill the dart slug!
A kobold comes into view.
It is wielding the +9 dagger of Res Judicata {elec, rC- MP+9 SInv}.
The kobold shouts!
You shoot an arrow.
The arrow hits the kobold but does no damage.
You shoot an arrow.
The arrow hits the kobold but does no damage.
A rat comes into view.
You shoot an arrow. The arrow hits the rat!
You kill the rat!
You shoot an arrow.
The arrow hits the kobold but does no damage.
You shoot an arrow. The arrow hits the kobold.
The kobold is heavily wounded.
You shoot an arrow. The arrow barely misses the kobold.
You shoot an arrow.
The arrow hits the kobold but does no damage.
The kobold is heavily wounded.
You shoot an arrow.
The arrow hits the kobold but does no damage.
The kobold is heavily wounded.
The kobold completely misses you.
You shoot an arrow. The arrow barely misses the kobold.
The kobold hits you with the +9 dagger of Res Judicata {elec, rC- MP+9 SInv}.
You are electrocuted!
Ouch! That really hurt!
The kobold misses you.
You shoot an arrow. The arrow closely misses the kobold.
The kobold barely misses you.
You shoot an arrow.
The arrow hits the kobold but does no damage.
The kobold is heavily wounded.
The kobold hits you with the +9 dagger of Res Judicata {elec, rC- MP+9 SInv}.
You die...

#### #..
########.#
###.....##.######.
#...###..K@.......
#.#.# #.......##..
#.#.###.#.........
#.#.....#.###.....
# #.###...#.#
##..% # #. ###.#.#
.. #
#.#####.#.###### .
# #...............
# #######.########


You could see a kobold.

Vanquished Creatures
  3 dart slugs
  7 bats
  5 endoplasms
  3 giant cockroaches
  6 goblins
  5 hobgoblins
  4 kobolds
  2 quokkas (D:1)
  2 ball pythons
  4 frilled lizards
  6 rats
47 creatures vanquished.

Notes
Turn   | Place    | Note
-------+----------+-------------------------------------------
     0 | D:1      | qw the Spriggan Hunter began the quest for the Orb.
     0 | D:1      | Reached XP level 1. HP: 10/10 MP: 2/2
     0 | D:1      | 0 ||| qw: Version: 0.3-a-155-g5e7d8dd
     0 | D:1      | 0 ||| qw: Game counter: 3174
     0 | D:1      | 0 ||| qw: Melee chars always use a shield: true
     0 | D:1      | 0 ||| qw: God list: Okawaru
     0 | D:1      | 0 ||| qw: Allow faded altars: false
     0 | D:1      | 0 ||| qw: Do Orc after clearing Dungeon:15 true
     0 | D:1      | 0 ||| qw: Do second Lair branch before Depths: true
     0 | D:1      | 0 ||| qw: Lair rune preference: random
     0 | D:1      | 0 ||| qw: Goals: Normal
     0 | D:1      | 0 ||| PLANNING D:1-11
   111 | D:1      | Reached skill level 3 in Dodging
   159 | D:1      | Reached XP level 2. HP: 14/14 MP: 3/3
   480 | D:1      | Reached XP level 3. HP: 18/18 MP: 4/4
   851 | D:1      | 851 ||| READING scroll labelled ZIHECRIOTU.
   852 | D:1      | 852 ||| DRINKING 2 bubbling yellow potions.
   853 | D:1      | 853 ||| DROPPING scroll of butterflies.
  1041 | D:2      | Found Gefaeh's Armour Boutique.
  1367 | D:2      | You fall into a shaft and drop 1 floor!
  1401 | D:3      | 1401 ||| UPGRADING to +6 ring of dexterity.
  1402 | D:3      | 1402 ||| UPGRADING to ring of protection from fire.
  1403 | D:3      | 1403 ||| READING scroll labelled OZXIFI BIWUUKK.
  1629 | D:2      | Identified the +9 dagger of Res Judicata {elec, rC- MP+9
                  | SInv}
  1652 | D:2      | HP: 3/18 [kobold/the +9 dagger of Res Judicata {elec, rC-
                  | MP+9 SInv} (11)]
  1654 | D:2      | Slain by a kobold

Levels and vault maps discovered:
D:1:      nagdon_arrival_zigzag_paths, layout_basic, grunt_decor_cap,
          palyth_stone_intersect
D:2:      layout_loops_corners, serial_shops, shop, grunt_ministairs_5,
          kennysheep_nub
D:3:      minmay_spotlight, layout_basic, serial_shops, shop

Skill      XL: |  1  2 |
---------------+-------+-----
Dodging        | 3 4 |  4.1
Fighting       | |  1.5
Ranged Weapons | |  4.9
Stealth        | |  1.5

Action                     || total
---------------------------++-------
   Fire: Shortbow          ||   112
    Use: Scroll            ||     2
         Potion            ||     1
 Armour: Robe              ||    11
  Dodge: Dodged            ||    36

Table legend:
 A = Non-vault XP
 B = Vault XP
 C = Vault XP percentage of total XP
 D = Non-vault monster count
 E = Vault monster count
 F = Vault count percentage of total count
                 A         B        C        D         E       F
            +---------+---------+-------+---------+---------+-------
      Total |      80 |       4 |   4.8 |      45 |       2 |   4.3
            +---------+---------+-------+---------+---------+-------
        D:1 |      53 |       0 |   0.0 |      31 |       0 |   0.0
        D:2 |      27 |       4 |  12.9 |      14 |       2 |  12.5
            +---------+---------+-------+---------+---------+-------
